% Time on Ice - VANCOUVER VOODOO
Lines # - Real PCT - Wanted PCT - Time Play
Normal Forward
1 - 31% - 33% - 16:15
2 - 31% - 32% - 16:03
3 - 25% - 26% - 12:46
4 - 13% - 9% - 7:00
Normal Defense
1 - 36% - 36% - 18:43
2 - 35% - 35% - 18:13
3 - 29% - 29% - 15:08
4 - 0% - 0% - 0:00
PP Forward
1 - 45% - 53% - 0:53
2 - 55% - 47% - 1:06
PP Defense
1 - 53% - 53% - 1:03
2 - 47% - 47% - 0:56
PK Forward
1 - 55% - 53% - 3:15
2 - 45% - 47% - 2:42
PK Defense
1 - 56% - 53% - 3:21
2 - 44% - 47% - 2:36
PK3 Forward
1 - 0% - 55%
2 - 0% - 45%
PK3 Defense
1 - 0% - 52%
2 - 0% - 48%
44 Forward
1 - 0% - 51%
2 - 0% - 49%
44 Defense
1 - 0% - 52%
2 - 0% - 48%
Last Minute Offensive  - 0:00
Last Minute Defensive  - 0:00
Total
Forward - 60:00
Defense - 60:00
% Time on Ice - SALEM BLACK JAYS
Lines # - Real PCT - Wanted PCT - Time Play
Normal Forward
1 - 38% - 36% - 19:47
2 - 31% - 31% - 16:09
3 - 22% - 23% - 11:41
4 - 9% - 10% - 4:27
Normal Defense
1 - 34% - 36% - 17:37
2 - 33% - 31% - 17:24
3 - 26% - 23% - 13:27
4 - 7% - 10% - 3:36
PP Forward
1 - 52% - 55% - 3:07
2 - 48% - 45% - 2:50
PP Defense
1 - 54% - 55% - 3:14
2 - 46% - 45% - 2:43
PK Forward
1 - 67% - 55% - 1:20
2 - 33% - 45% - 0:39
PK Defense
1 - 40% - 55% - 0:48
2 - 60% - 45% - 1:11
PK3 Forward
1 - 0% - 55%
2 - 0% - 45%
PK3 Defense
1 - 0% - 55%
2 - 0% - 45%
44 Forward
1 - 0% - 55%
2 - 0% - 45%
44 Defense
1 - 0% - 55%
2 - 0% - 45%
Last Minute Offensive  - 0:00
Last Minute Defensive  - 0:00
Total
Forward - 60:00
Defense - 60:00
Play-by-Play 1st period 0:01 of 1st period - Mathew Barzal wins face-off versus Nicolas Roy in neutral zone. 1:03 of 1st period - Icing by Cody Ceci. 1:04 of 1st period - Christian Dvorak wins face-off versus Dylan Larkin in SALEM BLACK JAYS zone. 2:15 of 1st period - Shot by Daniel Sprong. 2:15 of 1st period - Shot Misses the Net. 2:25 of 1st period - Shot by Daniel Sprong. 2:25 of 1st period - Shot Misses the Net. 2:29 of 1st period - Shot by Daniel Sprong. 2:29 of 1st period - Goal by Daniel Sprong - VANCOUVER VOODOO : 0 - SALEM BLACK JAYS : 1. 2:30 of 1st period - Cole Sillinger wins face-off versus Filip Chytil in neutral zone. 2:44 of 1st period - Josh Bailey is hit by Joshua Morrissey and loses puck. 3:51 of 1st period - Shot by Tom Wilson. 3:51 of 1st period - Deflect By Christian Dvorak. 3:51 of 1st period - Shot Misses the Net. 4:31 of 1st period - Shot by Alex Newhook. 4:31 of 1st period - Stopped by Juuse Saros without a rebound. 4:32 of 1st period - Dylan Cozens wins face-off versus Nicolas Roy in SALEM BLACK JAYS zone. 5:02 of 1st period - Icing by Nicolas Roy. 5:03 of 1st period - Dylan Larkin wins face-off versus Nicolas Roy in VANCOUVER VOODOO zone. 5:03 of 1st period - Dylan Larkin is hit by Logan Stanley. 5:26 of 1st period - Martin Necas is hit by Brendan Gallagher and loses puck. 5:30 of 1st period - Off-side. 5:31 of 1st period - Christian Dvorak wins face-off versus Filip Chytil in neutral zone. 5:34 of 1st period - Theodor Blueger is hit by Tom Wilson and loses puck. 6:03 of 1st period - Shot by Tom Wilson. 6:03 of 1st period - Stopped by Juuse Saros without a rebound. 6:04 of 1st period - Radek Faksa wins face-off versus Josh Archibald in SALEM BLACK JAYS zone. 6:05 of 1st period - Shot by Alex Newhook. 6:05 of 1st period - Shot Misses the Net. 6:29 of 1st period - Jordan Harris is hit by Josh Archibald and loses puck. 6:59 of 1st period - Icing by Josh Anderson. 7:00 of 1st period - Nicolas Roy wins face-off versus Dylan Larkin in VANCOUVER VOODOO zone. 7:00 of 1st period - Nicolas Roy is hit by Dylan Larkin. 7:27 of 1st period - Icing by Josh Anderson. 7:28 of 1st period - Nicolas Roy wins face-off versus Mathew Barzal in VANCOUVER VOODOO zone. 7:47 of 1st period - Minor Penalty to Logan Stanley for Tripping. 7:48 of 1st period - Christian Dvorak wins face-off versus Barrett Hayton in VANCOUVER VOODOO zone. 7:54 of 1st period - Shot by Dylan Cozens. 7:54 of 1st period - Stopped by Joonas Korpisalo without a rebound. 7:55 of 1st period - Christian Dvorak wins face-off versus Dylan Larkin in VANCOUVER VOODOO zone. 8:01 of 1st period - Icing by Nick Jensen. 8:02 of 1st period - Dylan Larkin wins face-off versus Christian Dvorak in SALEM BLACK JAYS zone. 8:09 of 1st period - Shot by Mikko Rantanen. 8:09 of 1st period - Shot Misses the Net. 8:11 of 1st period - Shot by Nick Jensen. 8:11 of 1st period - Shot Blocked by Braden Schneider. 8:13 of 1st period - Shot by Joshua Morrissey. 8:13 of 1st period - Stopped by Joonas Korpisalo without a rebound. 8:14 of 1st period - Radek Faksa wins face-off versus Dylan Cozens in VANCOUVER VOODOO zone. 8:14 of 1st period - Radek Faksa is hit by Dylan Cozens. 8:28 of 1st period - Shot by Mathew Barzal. 8:28 of 1st period - Shot Misses the Net. 8:30 of 1st period - Shot by Scott Mayfield. 8:30 of 1st period - Stopped by Joonas Korpisalo without a rebound. 8:31 of 1st period - Dylan Larkin wins face-off versus Radek Faksa in VANCOUVER VOODOO zone. 9:09 of 1st period - Shot by Mikko Rantanen. 9:09 of 1st period - Shot Misses the Net. 9:13 of 1st period - Shot by Mitchell Marner. 9:13 of 1st period - Stopped by Joonas Korpisalo without a rebound. 9:14 of 1st period - Radek Faksa wins face-off versus Dylan Cozens in VANCOUVER VOODOO zone. 9:23 of 1st period - Shot by Mathew Barzal. 9:23 of 1st period - Shot Misses the Net. 9:25 of 1st period - Shot by Dylan Cozens. 9:25 of 1st period - Shot Misses the Net. 9:27 of 1st period - Shot by Cody Ceci. 9:27 of 1st period - Shot Misses the Net. 9:36 of 1st period - Icing by Scott Mayfield. 9:37 of 1st period - Dylan Cozens wins face-off versus Radek Faksa in SALEM BLACK JAYS zone. 9:42 of 1st period - Shot by Dylan Cozens. 9:42 of 1st period - Shot Misses the Net. 9:58 of 1st period - Shot by Christian Dvorak. 9:58 of 1st period - Deflect By Jonathan Drouin. 9:58 of 1st period - Stopped by Juuse Saros without a rebound. 9:59 of 1st period - Radek Faksa wins face-off versus Mikko Rantanen in SALEM BLACK JAYS zone. 9:59 of 1st period - Radek Faksa is hit by Joshua Morrissey. 10:09 of 1st period - Shot by Nicolas Hague. 10:09 of 1st period - Shot Blocked by Nick Jensen. 10:15 of 1st period - Shot by Mitchell Marner. 10:15 of 1st period - Stopped by Joonas Korpisalo without a rebound. 10:16 of 1st period - Christian Dvorak wins face-off versus Dylan Larkin in VANCOUVER VOODOO zone. 11:02 of 1st period - Martin Necas is hit by Braden Schneider and loses puck. 11:35 of 1st period - Shot by Josh Anderson. 11:35 of 1st period - Stopped by Juuse Saros without a rebound. 11:36 of 1st period - Radek Faksa wins face-off versus Dylan Cozens in SALEM BLACK JAYS zone. 11:37 of 1st period - Shot by Brendan Gallagher. 11:37 of 1st period - Shot Misses the Net. 11:39 of 1st period - Shot by Radek Faksa. 11:39 of 1st period - Stopped by Juuse Saros without a rebound. 11:40 of 1st period - Dylan Cozens wins face-off versus Radek Faksa in SALEM BLACK JAYS zone. 11:49 of 1st period - Shot by Dylan Cozens. 11:49 of 1st period - Stopped by Joonas Korpisalo with a rebound. 11:51 of 1st period - Shot by Matt Benning. 11:51 of 1st period - Shot Misses the Net. 11:53 of 1st period - Shot by Dylan Cozens. 11:53 of 1st period - Stopped by Joonas Korpisalo with a rebound. 11:55 of 1st period - Shot by Dylan Cozens. 11:55 of 1st period - Shot Misses the Net. 11:57 of 1st period - Shot by Dylan Cozens. 11:57 of 1st period - Goal by Dylan Cozens - VANCOUVER VOODOO : 0 - SALEM BLACK JAYS : 2. 11:58 of 1st period - Josh Anderson wins face-off versus Mathew Barzal in neutral zone. 12:00 of 1st period - Off-side. 12:01 of 1st period - Mathew Barzal wins face-off versus Nicolas Roy in neutral zone. 12:19 of 1st period - Shot by Mitchell Marner. 12:19 of 1st period - Stopped by Joonas Korpisalo without a rebound. 12:20 of 1st period - Radek Faksa wins face-off versus Dylan Larkin in VANCOUVER VOODOO zone. 12:20 of 1st period - Radek Faksa is hit by Martin Necas. 13:47 of 1st period - Nicolas Hague is hit by Nick Jensen and loses puck. 14:31 of 1st period - Off-side. 14:32 of 1st period - Nicolas Roy wins face-off versus Theodor Blueger in neutral zone. 14:40 of 1st period - Nicolas Roy is hit by Filip Chytil and loses puck. 15:03 of 1st period - Shot by Josh Anderson. 15:03 of 1st period - Stopped by Juuse Saros without a rebound. 15:04 of 1st period - Max Pacioretty wins face-off versus Dylan Cozens in SALEM BLACK JAYS zone. 16:08 of 1st period - Shot by Mitchell Marner. 16:08 of 1st period - Stopped by Joonas Korpisalo with a rebound. 16:29 of 1st period - Off-side. 16:30 of 1st period - Dylan Larkin wins face-off versus Radek Faksa in neutral zone. 16:36 of 1st period - Martin Necas is hit by Nicolas Hague and loses puck. 16:55 of 1st period - Icing by Dylan Larkin. 16:56 of 1st period - Nicolas Roy wins face-off versus Dylan Larkin in SALEM BLACK JAYS zone. 17:01 of 1st period - Shot by Conor Garland. 17:01 of 1st period - Shot Misses the Net. 17:27 of 1st period - Shot by Nicolas Roy. 17:27 of 1st period - Shot Misses the Net. 17:50 of 1st period - Mitchell Marner is hit by Logan Stanley and loses puck. 17:55 of 1st period - Shot by Mikko Rantanen. 17:55 of 1st period - Shot Misses the Net. 17:57 of 1st period - Shot by Nick Jensen. 17:57 of 1st period - Shot Blocked by Sebastien Aho. 17:59 of 1st period - Shot by Mikko Rantanen. 17:59 of 1st period - Stopped by Joonas Korpisalo without a rebound. 18:00 of 1st period - Christian Dvorak wins face-off versus Dylan Cozens in VANCOUVER VOODOO zone. 18:20 of 1st period - Shot by Daniel Sprong. 18:20 of 1st period - Shot Misses the Net. 18:22 of 1st period - Shot by Matt Benning. 18:22 of 1st period - Stopped by Joonas Korpisalo without a rebound. 18:23 of 1st period - Mathew Barzal wins face-off versus Alex Newhook in VANCOUVER VOODOO zone. 18:47 of 1st period - Icing by Radek Faksa. 18:48 of 1st period - Dylan Larkin wins face-off versus Radek Faksa in VANCOUVER VOODOO zone. 18:51 of 1st period - Shot by Martin Necas. 18:51 of 1st period - Stopped by Joonas Korpisalo with a rebound. 18:59 of 1st period - Shot by Martin Necas. 18:59 of 1st period - Stopped by Joonas Korpisalo with a rebound. 19:11 of 1st period - Shot by Martin Necas. 19:11 of 1st period - Shot Misses the Net. 19:13 of 1st period - Shot by Dylan Larkin. 19:13 of 1st period - Shot Misses the Net. Goals for this period are 0 for VANCOUVER VOODOO vs 2 for SALEM BLACK JAYS. Shots for this period are 6 for VANCOUVER VOODOO vs 15 for SALEM BLACK JAYS. 2nd period 0:01 of 2nd period - Nicolas Roy wins face-off versus Mathew Barzal in neutral zone. 0:01 of 2nd period - Josh Anderson is hit by Joshua Morrissey and loses puck. 0:25 of 2nd period - Shot by Mikko Rantanen. 0:25 of 2nd period - Stopped by Joonas Korpisalo without a rebound. 0:26 of 2nd period - Dylan Cozens wins face-off versus Christian Dvorak in VANCOUVER VOODOO zone. 0:44 of 2nd period - Christian Dvorak is hit by Josh Archibald and loses puck. 0:57 of 2nd period - Shot by Dylan Cozens. 0:57 of 2nd period - Stopped by Joonas Korpisalo with a rebound. 0:59 of 2nd period - Shot by Dylan Cozens. 0:59 of 2nd period - Goal by Dylan Cozens - VANCOUVER VOODOO : 0 - SALEM BLACK JAYS : 3. 1:00 of 2nd period - Nicolas Roy wins face-off versus Mathew Barzal in neutral zone. 1:00 of 2nd period - Conor Garland is hit by Mikko Rantanen and loses puck. 1:19 of 2nd period - Shot by Mikko Rantanen. 1:19 of 2nd period - Stopped by Joonas Korpisalo without a rebound. 1:20 of 2nd period - Dylan Larkin wins face-off versus Brendan Gallagher in VANCOUVER VOODOO zone. 1:20 of 2nd period - Dylan Larkin is hit by Braden Schneider. 1:27 of 2nd period - Minor Penalty to Calen Addison for Hooking. 1:28 of 2nd period - Christian Dvorak wins face-off versus Dylan Larkin in VANCOUVER VOODOO zone. 1:37 of 2nd period - Shot by Mitchell Marner. 1:37 of 2nd period - Shot Blocked by Jordan Harris. 2:38 of 2nd period - Icing by Cody Ceci. 2:39 of 2nd period - Dylan Cozens wins face-off versus Radek Faksa in SALEM BLACK JAYS zone. 2:39 of 2nd period - Dylan Cozens is hit by Josh Anderson. 3:10 of 2nd period - Shot by Mathew Barzal. 3:10 of 2nd period - Stopped by Joonas Korpisalo with a rebound. 3:32 of 2nd period - Shot by Theodor Blueger. 3:32 of 2nd period - Stopped by Joonas Korpisalo without a rebound. 3:33 of 2nd period - Cole Sillinger wins face-off versus Filip Chytil in VANCOUVER VOODOO zone. 3:35 of 2nd period - Icing by Josh Bailey. 3:36 of 2nd period - Cole Sillinger wins face-off versus Filip Chytil in VANCOUVER VOODOO zone. 3:41 of 2nd period - Shot by Josh Bailey. 3:41 of 2nd period - Shot Blocked by Joshua Morrissey. 4:05 of 2nd period - Shot by Filip Chytil. 4:05 of 2nd period - Stopped by Joonas Korpisalo without a rebound. 4:06 of 2nd period - Christian Dvorak wins face-off versus Mathew Barzal in VANCOUVER VOODOO zone. 4:08 of 2nd period - Icing by Jonathan Drouin.